AoeStats
← Runxi24

Lombardia

508496120Analyzed
3v3 RM · 9d ago on Sep 22, 2026· 47m 16s· 6 players
Game mode
Random Map
Map size
Normal (6 player)
Population
200
Speed
Normal
Resources
Standard
Victory
Conquest
Starting age
Dark Age
Ending age
Imperial Age
RankedLock teamsTeams togetherTeam positionsShared explorationLock speedFull tech treeHidden civsTurbo modeCheats
Victory
Defeat
🇹🇷 Saxons · Türkiye
1241
+14
🇹🇷 Sicilians · Türkiye
1208
+15
🇪🇸 Poles · Spain
1208
+15
🇩🇪 Varangians · Germany
1299
-19
🇩🇪 Italians · Germany
1144
-13
🇩🇪 Byzantines · Germany
1136
-12
Runxi24
6:54 Loom
10:11 Feudal Age
10:48 Double-Bit Axe
11:50 Horse Collar
19:24 Castle Age
18:23 Forging
18:49 Bloodlines
18:31 Gold Mining
21:55 Wheelbarrow
22:57 Scale Barding Armor
23:52 Husbandry
24:21 Bow Saw
24:21 Heavy Plow
29:43 Szlachta Privileges
31:12 Chain Barding Armor
32:09 Iron Casting
31:51 Hand Cart
32:01 Fletching
33:58 Masonry
38:29 Imperial Age
37:44 Bodkin Arrow
39:02 Padded Archer Armor
38:51 Cavalier
40:34 Blast Furnace
40:22 Thumb Ring
39:48 Heavy Mounted Crossbowman
40:52 Ballistics
41:27 Bracer
42:50 Chemistry
41:34 Light Cavalry
44:19 Conscription
43:31 Winged Hussar
45:52 Lechitic Legacy
CenGa
10:21 Feudal Age
11:46 Loom
14:28 Castle Age
13:23 Double-Bit Axe
16:03 Bow Saw
17:25 Horse Collar
21:41 Wheelbarrow
23:21 Gold Mining
24:31 Hand Cart
24:47 Stone Mining
25:00 Heavy Plow
26:59 Gold Shaft Mining
26:11 Town Watch
28:05 Scale Mail Armor
28:16 Forging
28:14 Scale Mail Armor
28:25 Forging
31:07 Imperial Age
29:47 Scale Mail Armor
29:58 Forging
30:52 Chain Mail Armor
30:38 Town Patrol
32:10 Iron Casting
31:21 Elite Hearth Troop
31:54 Shield Wall
32:55 Conscription
32:55 Squires
32:41 Arson
32:42 Gambesons
33:57 Plate Mail Armor
34:55 Hoardings
34:42 Fletching
37:13 Two-Man Saw
35:54 Capped Ram
36:51 Siege Ram
39:48 Crop Rotation
41:24 Coinage
41:07 Guilds
42:49 Chemistry
42:10 Ballistics
41:47 Murder Holes
tunahansen08
3:56 Loom
10:33 Feudal Age
15:17 Castle Age
14:16 Horse Collar
15:18 Double-Bit Axe
23:21 Gold Mining
25:54 Wheelbarrow
27:52 Hand Cart
29:00 Bow Saw
29:32 Heavy Plow
33:35 Imperial Age
31:52 Forging
31:43 Scale Mail Armor
33:17 Iron Casting
33:51 Elite Serjeant
34:52 Conscription
34:58 Hauberk
35:13 Conscription
35:35 Chain Mail Armor
37:17 Blast Furnace
37:52 Plate Mail Armor
39:15 Crop Rotation
42:42 Bow Saw
LordChickenwing
10:10 Loom
12:48 Feudal Age
16:45 Wheelbarrow
18:40 Castle Age
19:31 Double-Bit Axe
19:29 Horse Collar
25:18 Heavy Plow
25:58 Bow Saw
27:32 Hand Cart
32:12 Imperial Age
32:00 Fortified Wall
32:10 Ballistics
31:33 Treadmill Crane
31:51 Murder Holes
33:35 Crop Rotation
34:08 Two-Man Saw
33:14 Fletching
33:30 Scale Barding Armor
35:10 Conscription
36:08 Chemistry
35:46 Husbandry
37:09 Chain Barding Armor
37:00 Forging
36:46 Bodkin Arrow
36:15 Heavy Camel Rider
38:07 Hoardings
39:59 Iron Casting
39:32 Elite Cataphract
41:08 Plate Barding Armor
44:37 Logistica
Sir Ottlas
8:20 Loom
10:31 Feudal Age
11:41 Double-Bit Axe
14:28 Castle Age
12:15 Horse Collar
15:48 Bow Saw
25:40 Forging
28:24 Wheelbarrow
29:54 Hand Cart
30:58 Gold Mining
34:23 Imperial Age
33:34 Town Watch
34:09 Squires
34:55 Scale Mail Armor
35:31 Iron Casting
34:43 Elite Varangian Guard
36:20 Chain Mail Armor
38:03 Plate Mail Armor
38:10 Iron Casting
37:00 Gothikon
39:19 Two-Man Saw
38:29 Heavy Plow
42:34 Blast Furnace
41:25 Fletching
42:28 Gambesons
42:29 Arson
KingKross
6:35 Loom
11:30 Feudal Age
15:47 Castle Age
17:22 Double-Bit Axe
20:36 Crossbowman
24:35 Fletching
24:45 Padded Archer Armor
25:39 Horse Collar
29:48 Leather Archer Armor
31:31 Ballistics
31:32 Thumb Ring
36:20 Imperial Age
35:20 Bodkin Arrow
36:25 Arbalester
37:23 Bracer
40:03 Bow Saw
42:35 Ring Archer Armor
45:49 Wheelbarrow
46:37 Chemistry
Connection lost

Rejoining the realm…

Still unreachable

The connection could not be restored.

Session expired

The server has moved on; the page needs a fresh start.